 Dungeon Crawl Stone Soup version 0.27-a0-1188-g73eefd5def (webtiles) character file.

Game seed: 7655689169506009929

225 Glokmah the Cutter (level 6, 6/50 HPs)
             Began as a Gnoll Wanderer on May 22, 2021.
             Was a Follower of Sif Muna.
             Quit the game on level 6 of the Dungeon.
             The game lasted 00:05:43 (3942 turns).

Glokmah the Cutter (Gnoll Wanderer)                 Turns: 3942, Time: 00:05:43

Health: 6/50       AC:  3    Str: 13    XL:     6   Next: 1%
Magic:  8/8        EV: 11    Int: 12    God:    Sif Muna [*.....]
Gold:   204        SH:  5    Dex: 11    Spells: 6/8 levels left

rFire    . . .     SeeInvis .   a - +1 dagger (venom)
rCold    . . .     Faith    .   (no shield)
rNeg     . . .     Spirit   .   k - +0 leather armour
rPois    .         Reflect  +   (no helmet)
rElec    .         Harm     .   (no cloak)
rCorr    .         Rampage  .   (no gloves)
Will     .....                  (no boots)
Stlth    ++........             b - amulet of reflection
HPRegen  0.16/turn              (no ring)
MPRegen  0.11/turn              (no ring)

@: lethally poisoned (6 -> -5)
A: fangs 1, strong nose, distributed training
a: Renounce Religion, Channel Magic


You were on level 6 of the Dungeon.
You worshipped Sif Muna.
Sif Muna was aware of your devotion.
You visited 1 branch of the dungeon, and saw 6 of its levels.

You collected 204 gold pieces.

Inventory:

Hand Weapons
 a - a +1 dagger of venom (weapon)
 c - a +0 shortbow
 f - a +2 short sword
 m - a +2 war axe of freezing
Missiles
 d - 51 arrows
Armour
 e - a +0 robe
 k - a +0 leather armour (worn)
Jewellery
 b - an amulet of reflection (around neck)
 j - an amulet of reflection
Scrolls
 g - a scroll of identify
 h - a scroll of noise


   Skills:
 + Level 4.9 Fighting
 + Level 6.7 Short Blades
 + Level 1.7 Long Blades
 + Level 1.7 Axes
 + Level 1.7 Maces & Flails
 + Level 1.7 Polearms
 + Level 1.7 Staves
 + Level 1.7 Slings
 + Level 3.1 Bows
 + Level 1.7 Crossbows
 + Level 3.1 Throwing
 + Level 4.9 Armour
 + Level 1.7 Dodging
 + Level 2.9 Stealth
 + Level 1.7 Shields
 + Level 1.7 Unarmed Combat
 + Level 1.7 Spellcasting
 + Level 1.3 Conjurations
 + Level 1.3 Hexes
 + Level 1.3 Summonings
 + Level 1.3 Necromancy
 + Level 1.3 Translocations
 + Level 1.3 Transmutations
 + Level 1.3 Fire Magic
 + Level 1.3 Ice Magic
 + Level 1.3 Air Magic
 + Level 1.3 Earth Magic
 + Level 1.3 Poison Magic
 + Level 2.0 Invocations
 + Level 1.7 Evocations


You had 6 spell levels left.
You knew the following spells:

 Your Spells              Type           Power      Damage    Failure   Level
a - Ensorcelled Hibernat  Hex/Ice        8%         N/A       30%         2

Your spell library contained the following spells:

 Spells                   Type           Power      Damage    Failure   Level
 Corona                   Hex            4%         N/A       21%         1
 Confusing Touch          Hex            4%         N/A       52%         3
 Dazzling Flash           Conj/Hex       8%         N/A       52%         3
 Tukima's Dance           Hex            4%         N/A       52%         3


Dungeon Overview and Level Annotations

Branches:
Dungeon (7/15)
 Temple: D:4-7

Altars:
Hepliaklqana
Makhleb
Sif Muna
Uskayaw

Shops:
D:2 *?([?


Innate Abilities, Weirdness & Mutations

You have very sharp teeth.
Your uncanny sense of smell can sniff out nearby items.
Your experience applies equally to all skills.


Message History

A killer bee and a sky beast come into view.
The killer bee buzzes angrily.
The killer bee stings you!
You are poisoned.
The killer bee poisons you!
You feel very sick. The killer bee stings you.
You are more poisoned.
The killer bee poisons you! The killer bee misses you.
You feel very sick. You block the killer bee's attack.
The killer bee stings you. The killer bee barely misses you.
The killer bee closely misses you. The killer bee barely misses you.
You feel very sick. You block the killer bee's attack.
The killer bee stings you.
You are more poisoned.
The killer bee poisons you!
You see here 20 sling bullets.
You feel very sick. The killer bee stings you.
* * * LOW HITPOINT WARNING * * *
You block the killer bee's attack.
There is a stone staircase leading up here.
Unknown command.
You aren't carrying any potions.
Okay, then.
* * * LOW HITPOINT WARNING * * *
You feel very sick. You block the killer bee's attack.
The killer bee stings you but does no damage.
The killer bee barely misses you. x2; The killer bee closely misses you.
The killer bee stings you but does no damage. x2
The killer bee closely misses you.
You climb upwards.
The bullfrog gives a loud, deep croak!
A scorpion and a zombie come into view.
* * * LOW HITPOINT WARNING * * *
You feel sick.
There is a stone staircase leading down here.
Are you sure you want to abandon this character and quit the game? (Confirm with "yes".)

#.##..
...#. .♣
##.♣.. ...
#.... #...
##...#
#.F..#.s..#
#......y#
♣y@y#
#....Z..#
#....#....#
#... ##...#
... #....
.♣ ##.♣..
...#.
#+##.#


You could see a bullfrog, a scorpion, 3 killer bees and a centaur zombie.

Vanquished Creatures
  A necrophage (D:3)
  A jelly (D:3)
  3 gnolls (D:2)
  2 adders (D:3)
  A worm (D:3)
  A dart slug (D:2)
  6 orcs (D:3)
  6 endoplasms
  3 giant cockroaches
  3 goblins
  3 hobgoblins
  6 jackals
  4 quokkas
  5 ball pythons
  4 bats
  2 kobolds (D:1)
  4 rats
55 creatures vanquished.

Notes
Turn   | Place    | Note
-------+----------+-------------------------------------------
     0 | D:1      | Glokmah the Gnoll Wanderer began the quest for the Orb.
     0 | D:1      | Glokmah set off with the following items: a +2 short sword,
                  | a scroll of teleportation, a +0 shortbow, 29 arrows, a +0
                  | robe
     0 | D:1      | Reached XP level 1. HP: 20/20 MP: 1/1
   314 | D:1      | Reached XP level 2. HP: 13/26 MP: 2/2
   893 | D:1      | Reached XP level 3. HP: 25/31 MP: 3/3
  1195 | D:2      | Found Acaotoiwn's Magic Scroll Emporium.
  1248 | D:2      | Found Qadix's Antique Weapon Emporium.
  1427 | D:2      | Found a faded altar of an unknown god.
  1432 | D:2      | Became a worshipper of Sif Muna the Loreminder
  1432 | D:2      | Reached * piety under Sif Muna
  1647 | D:2      | Found Iguoh Xas's Assorted Antiques.
  1755 | D:2      | Found Gutwofrac's Magic Scroll Emporium.
  1760 | D:2      | Found Sobioloe's Armour Shoppe.
  1826 | D:2      | Reached skill level 1 in Invocations
  1956 | D:2      | Reached skill level 1 in Long Blades
  1956 | D:2      | Reached skill level 1 in Axes
  1956 | D:2      | Reached skill level 1 in Maces & Flails
  1956 | D:2      | Reached skill level 1 in Polearms
  1956 | D:2      | Reached skill level 1 in Staves
  1956 | D:2      | Reached skill level 1 in Slings
  1956 | D:2      | Reached skill level 1 in Crossbows
  1956 | D:2      | Reached skill level 1 in Dodging
  1956 | D:2      | Reached skill level 1 in Shields
  1956 | D:2      | Reached skill level 1 in Unarmed Combat
  1956 | D:2      | Reached skill level 1 in Spellcasting
  1956 | D:2      | Reached skill level 1 in Evocations
  2075 | D:2      | Reached XP level 4. HP: 14/38 MP: 5/5
  2538 | D:3      | Reached skill level 1 in Conjurations
  2538 | D:3      | Reached skill level 1 in Hexes
  2538 | D:3      | Reached skill level 1 in Summonings
  2538 | D:3      | Reached skill level 1 in Necromancy
  2538 | D:3      | Reached skill level 1 in Translocations
  2538 | D:3      | Reached skill level 1 in Transmutations
  2538 | D:3      | Reached skill level 1 in Fire Magic
  2538 | D:3      | Reached skill level 1 in Ice Magic
  2538 | D:3      | Reached skill level 1 in Air Magic
  2538 | D:3      | Reached skill level 1 in Earth Magic
  2538 | D:3      | Reached skill level 1 in Poison Magic
  2543 | D:3      | Found a burning altar of Makhleb.
  2545 | D:3      | Found a hide-covered altar of Uskayaw.
  2546 | D:3      | Noticed a necrophage
  2578 | D:3      | Killed a necrophage
  2579 | D:3      | Reached XP level 5. HP: 17/43 MP: 5/7
  3455 | D:3      | Identified a scroll of acquirement
  3457 | D:3      | Acquired a book of Maledictions
  3462 | D:3      | Learned a level 2 spell: Ensorcelled Hibernation
  3807 | D:3      | Reached XP level 6. HP: 50/50 MP: 8/8
  3854 | D:3      | Found a hazy altar of Hepliaklqana.
  3934 | D:4      | You fall into a shaft and drop 3 floors!
  3935 | D:7      | Noticed a sky beast
  3942 | D:6      | Quit the game

Illustrated notes

Levels and vault maps discovered:
D:1:      minmay_arrival_hallway, layout_rooms
D:2:      layout_basic, basic_ecumenical_altar, serial_shops,
          nicolae_shop_stone, shop, shop, shop_statue, shop, minivault_23
D:3:      layout_loops_ring, chequers_temple_overflow_statue_of_worship,
          nzn_hepliaklqana_mist_gate, serial_aquarium, aquarium_bridge_square
          [aquarium_subvault_wall, aquarium_subvault_bridge,
          aquarium_subvault_wall, aquarium_subvault_window], aquarium_window_3,
          aquarium_window_2, aquarium_view_2c, aquarium_view_2f,
          minmay_close_crescents
D:4:      layout_basic, nzn_wu_jian_contemplation,
          gammafunk_temple_overflow_claw, portal_sewer_entry_f
D:6:      layout_loops_ring, gammafunk_temple_overflow_elements,
          grunt_ministairs_13, uniq_duvessa, uniq_pikel
D:7:      layout_basic, kennysheep_little_box, minmay_temple_entry_statues,
          lightli_church_of_beogh

Skill      XL: |  1  2  3  4  5 |
---------------+----------------+-----
Invocations    | 1 2 |  2.0
Long Blades    | 1 |  1.7
Axes           | 1 |  1.7
Maces & Flails | 1 |  1.7
Polearms       | 1 |  1.7
Staves         | 1 |  1.7
Slings         | 1 |  1.7
Crossbows      | 1 |  1.7
Dodging        | 1 |  1.7
Shields        | 1 |  1.7
Unarmed Combat | 1 |  1.7
Spellcasting   | 1 |  1.7
Evocations     | 1 |  1.7
Conjurations   | 1 |  1.3
Hexes          | 1 |  1.3
Summonings     | 1 |  1.3
Necromancy     | 1 |  1.3
Translocations | 1 |  1.3
Transmutations | 1 |  1.3
Fire Magic     | 1 |  1.3
Ice Magic      | 1 |  1.3
Air Magic      | 1 |  1.3
Earth Magic    | 1 |  1.3
Poison Magic   | 1 |  1.3
Bows           | 3 |  3.1
Throwing       | 3 |  3.1
Fighting       | |  4.9
Short Blades   | |  6.7
Armour         | |  4.9
Stealth        | |  2.9

Action                   |  1- 3 |  4- 6 || total
-------------------------+-------+-------++-------
Melee: Short sword       |    48 |       ||    48
       Dagger            |    58 |   100 ||   158
       Bite              |     2 |     7 ||     9
       Punch             |       |     1 ||     1
  Use: Scroll            |     2 |     4 ||     6
 Stab: Sleeping          |     2 |     2 ||     4
Armor: Robe              |    14 |     8 ||    22
       Leather armour    |       |     4 ||     4
Dodge: Dodged            |    44 |    39 ||    83
Block: Other             |       |     7 ||     7

Table legend: (Time is in decaauts)
 A = Elapsed time spent in this place.
 B = Non-inter-level travel time spent in this place.
 C = Inter-level travel time spent in this place.
 D = Time resting spent in this place.
 E = Time spent auto-exploring this place.
 F = Levels seen in this place.
 G = Mean time per level.
                   A        B        C        D        E       F      G
               +--------+--------+--------+--------+--------+-----+--------+
         Total |   3880 |   3697 |    183 |    227 |   2935 |   6 |  646.7 |
       Dungeon |   3880 |   3697 |    183 |    227 |   2935 |   6 |  646.7 |
               +--------+--------+--------+--------+--------+-----+--------+

Top non-repeatable levels by time:
     D:3: 1433 daAuts
     D:2: 1339 daAuts
     D:1: 1090 daAuts
     D:4: 8 daAuts
     D:7: 6 daAuts
     D:6: 0 daAuts
